 Dungeon Crawl Stone Soup version 0.32-a0-468-g38b2580584 (webtiles) character file.

Game seed: 13212059234332978487

969 mopl the Apothecary (level 8, -5/46 HPs)
             Began as an Octopode Alchemist on Feb 24, 2024.
             Slain by an acid dragon (8 damage)
             ... on level 5 of the Dungeon.
             The game lasted 00:06:12 (3529 turns).

mopl the Apothecary (Octopode Alchemist)            Turns: 3529, Time: 00:06:13

Health: -5/46      AC: -3    Str:  7    XL:     8   Next: 16%
Magic:  14/14      EV: 13    Int: 19    God:
Gold:   239        SH:  0    Dex: 13    Spells: 7/16 levels left

rFire   . . .        o - staff of alchemy
rCold   + . .        (no shield)
rNeg    . . .        (helmet restricted)
rPois   +            (no amulet)
rElec   .            f - ring of protection from cold
rCorr   .            (no ring)
SInv    .            (no ring)
Will    .....        (no ring)
Stlth   +++          (no ring)
HPRegen 0.27/turn    (no ring)
MPRegen 0.14/turn    (no ring)
                     (no ring)

%: no passive effects
@: corroded, very slightly contaminated
A: almost no armour, amphibious, 8 rings, camouflage 1, gelatinous body 1,
(nimble swimmer 1), tentacles
a: no special abilities


You were on level 5 of the Dungeon.
You visited 1 branch of the dungeon, and saw 5 of its levels.

You collected 239 gold pieces.

Inventory:

Missiles
 i - 5 javelins
 n - 2 stones
 q - 4 atropa-tipped darts
Magical Staves
 o - a staff of alchemy (weapon)
Jewellery
 f - a ring of protection from cold (left tentacle)
Scrolls
 b - 3 scrolls of identify {unknown}
 c - a scroll of enchant armour {unknown}
 g - a scroll of blinking {unknown}
 h - 4 scrolls of enchant weapon {unknown}
 k - a scroll of silence {unknown}
 p - a scroll of fog {unknown}
 t - a scroll of fear {unknown}
Potions
 d - a potion of mutation {unknown}
 e - a potion of ambrosia {unknown}
 j - 2 potions of enlightenment {unknown}
 l - 2 potions of attraction {unknown}
 m - a potion of cancellation {unknown}
 r - a potion of brilliance {unknown}
 s - a potion of curing {unknown}
 u - 3 potions of haste {unknown}
 v - a potion of degeneration {unknown}


   Skills:
 + Level 2.4 Staves
 - Level 2.0 Dodging
 - Level 2.6 Stealth
 * Level 4.6 Spellcasting
 * Level 4.5 Conjurations
 + Level 1.3 Fire Magic
 * Level 6.0 Alchemy
 + Level 2.7 Evocations


You had 7 spell levels left.
You knew the following spells:

 Your Spells              Type           Power      Damage    Failure   Level
a - Sting                 Conj/Alch      100%       1d9       1%          1
d - Sticky Flame          Fire/Alch      27%        2d7       28%         4
o - Olgreb's Toxic Radia  Alch           41%        N/A       11%         4

Your spell library contained the following spells:

 Spells                   Type           Power      Damage    Failure   Level
 Mercury Vapours          Alch/Air       46%        N/A       5%          2
 Mephitic Cloud           Conj/Alch/Air  26%        N/A       9%          3
 Summon Small Mammal      Summ           16%        N/A       13%         1
 Call Canine Familiar     Summ           4%         N/A       36%         3
 Summon Blazeheart Golem  Fire/Summ      7%         N/A       67%         4


Dungeon Overview and Level Annotations

Branches:
Dungeon (5/15)
 Temple: D:4-7

Altars:
Makhleb
Okawaru
Trog
Yredelemnul

Annotations:
D:4 3 runed translucent doors, TobyConnect's ghost, amateur DsFi
D:5 exclusion: phantom


Innate Abilities, Weirdness & Mutations

You cannot wear most types of armour.
You are amphibious.
You can wear up to eight rings at the same time.
Your skin changes colour to match your surroundings (Stealth+).
Your rubbery body absorbs attacks. (AC +1, EV +1)
((You are camouflaged when in or above water. (Stealth+)))
You have tentacles for arms and can constrict up to eight enemies at once.


Message History

Casting: Sting (safe; 1% risk of failure)
Confirm with . or Enter, or press ? or * to list all spells.
You can't see any susceptible monsters within range! (Use Z to cast anyway.)
You aren't carrying any items that you can evoke.
Unknown command.
You start resting.
Magic restored.
Casting: Sting (safe; 1% risk of failure)
Confirm with . or Enter, or press ? or * to list all spells.
Aiming: Sticky Flame (quite dangerous; 28% risk of failure)
Press: ? - help, Shift-Dir - straight line, f - acid dragon
Aim: an acid dragon You feel a surge of power!
You miscast Sticky Flame.
You are very lightly contaminated with residual magic.
Nothing appears to happen.
The acid dragon spits acid at you. The splash of acid hits you!!
Ouch! That really hurt!
The acid corrodes you!
Casting: Sticky Flame (quite dangerous; 28% risk of failure)
Confirm with . or Enter, or press ? or * to list all spells.
Aiming: Sticky Flame (quite dangerous; 28% risk of failure)
Press: ? - help, Shift-Dir - straight line, f/p - acid dragon
Aim: an acid dragon You feel a surge of power!
You miscast Sticky Flame.
Nothing appears to happen.
The acid dragon spits acid at you. The splash of acid misses you.
Unknown command.
Casting: Sticky Flame (quite dangerous; 28% risk of failure)
Confirm with . or Enter, or press ? or * to list all spells.
Aiming: Sticky Flame (quite dangerous; 28% risk of failure)
Press: ? - help, Shift-Dir - straight line, f/p - acid dragon
Aim: an acid dragon (catching its breath)
You feel a surge of power!
You miscast Sticky Flame.
Nothing appears to happen.
The acid dragon bites you!
* * * LOW HITPOINT WARNING * * *
The acid dragon claws you.
* * * LOW HITPOINT WARNING * * *
Magic courses through your body. The acid dragon bites you!
You die...

#..##############.#+#^o.
#..## ... #...###### ## .....
#.......... .# .....#
#)##..##### .# .....#
######.###...### .# .#.#..#
#..............####.##.#.##.#
#...........D#.........#
#...........@######D####
######.###...######...
#######.###..............
#[..........##.........D..#
#...........##............#
#...........##..........#..
#####.....####..........#..
#.....# #........ #.....#
#########


You could see an acid dragon.

Vanquished Creatures
  2 ogres (D:5)
  A phantom (D:5)
  4 scorpions
  A bombardier beetle (D:4)
  2 hounds (D:4)
  An orc priest (D:4)
  2 iguanas
  A sleepcap (D:4)
  Terence (D:3)
  3 orc wizards
  A hound zombie (D:4)
  A howler monkey zombie (D:4)
  Robin (D:3)
  3 adders
  4 gnolls (D:4)
  2 ribbon worms
  7 orcs
  9 endoplasms
  3 giant cockroaches
  17 goblins
  7 hobgoblins
  9 kobolds
  3 quokkas
  8 ball pythons
  4 bats
  6 rats
103 creatures vanquished.

Notes
Turn   | Place    | Note
-------+----------+-------------------------------------------
     0 | D:1      | mopl the Octopode Alchemist began the quest for the Orb.
     0 | D:1      | Reached XP level 1. HP: 11/11 MP: 3/3
   127 | D:1      | Reached XP level 2. HP: 17/17 MP: 0/5
   185 | D:1      | Found a faded altar of an unknown god.
   682 | D:2      | Reached XP level 3. HP: 21/21 MP: 0/6
   941 | D:2      | Reached skill level 2 in Conjurations
  1252 | D:2      | Reached skill level 4 in Alchemy
  1375 | D:2      | Reached skill level 3 in Spellcasting
  1375 | D:2      | Reached XP level 4. HP: 27/27 MP: 1/8
  1579 | D:3      | Noticed Robin
  1587 | D:2      | Learned a level 4 spell: Olgreb's Toxic Radiance
  1603 | D:3      | Killed Robin
  1604 | D:3      | Reached XP level 5. HP: 19/31 MP: 2/9
  1704 | D:3      | Noticed Terence
  1719 | D:3      | Killed Terence
  1801 | D:3      | Reached skill level 3 in Conjurations
  1801 | D:3      | Reached skill level 1 in Evocations
  1947 | D:3      | Found an iron altar of Okawaru.
  1949 | D:3      | Found a bloodstained altar of Trog.
  2094 | D:3      | Found a burning altar of Makhleb.
  2114 | D:4      | Reached skill level 1 in Staves
  2114 | D:4      | Reached XP level 6. HP: 36/36 MP: 6/11
  2155 | D:4      | Identified the +1 robe of the Eternal Fruit {Rampage rC+
                  | Str-3 Dex+5}
  2210 | D:4      | Found a runed translucent gate.
  2210 | D:4      | Found a runed translucent gate.
  2210 | D:4      | Found a runed translucent gate.
  2210 | D:4      | Noticed TobyConnect's ghost (amateur DsFi)
  2212 | D:4      | Found a basalt altar of Yredelemnul.
  2227 | D:4      | Reached skill level 5 in Alchemy
  2361 | D:4      | Reached XP level 7. HP: 32/41 MP: 4/12
  2637 | D:4      | Reached skill level 4 in Spellcasting
  2650 | D:4      | Reached skill level 2 in Evocations
  2915 | D:5      | Entered Level 5 of the Dungeon
  2979 | D:5      | Learned a level 4 spell: Sticky Flame
  3133 | D:5      | Reached skill level 2 in Staves
  3133 | D:5      | Reached skill level 4 in Conjurations
  3293 | D:5      | Reached skill level 1 in Fire Magic
  3357 | D:5      | Reached XP level 8. HP: 46/46 MP: 3/14
  3479 | D:5      | Reached skill level 6 in Alchemy
  3529 | D:5      | Slain by an acid dragon

Illustrated notes

Levels and vault maps discovered:
D:1:      shiori_shiawase, layout_loops_ring,
          ebering_ecumenical_altar_petrified, minivault_26, st_stairs_13
D:2:      layout_loops_corners
D:3:      layout_rooms, mainiacjoe_overflow_catwalk_spiral,
          mainiacjoe_overflow_alcove_1, uniq_terence, uniq_robin
D:4:      layout_basic, nicolae_yredelemnul_ghost_church, hex_medium
D:5:      layout_basic, serial_shops, nicolae_shop_bloodbath_and_beyond

Skill      XL: |  1  2  3  4  5  6  7  8 |
---------------+-------------------------+-----
Conjurations   | 2 3 4 |  4.5
Alchemy        | 4 5 6 |  6.0
Spellcasting   | 3 4 |  4.6
Evocations     | 1 2 |  2.7
Staves         | 1 2 |  2.4
Fire Magic     | 1 |  1.3
Dodging        | |  2.0
Stealth        | |  2.6

Action                     |  1- 3 |  4- 6 |  7- 9 || total
---------------------------+-------+-------+-------++-------
  Melee: Unarmed           |    39 |       |       ||    39
         Constrict         |    10 |     7 |     4 ||    21
         Tentacles         |     4 |     8 |     8 ||    20
         Staff             |       |    23 |    32 ||    55
   Cast: Sting             |    63 |    35 |    41 ||   139
         Olgreb's Toxic Ra |       |     6 |     5 ||    11
    Use: Potion            |     1 |       |     1 ||     2
   Stab: Sleeping          |     1 |       |     1 ||     2
 Armour: Skin              |    16 |    16 |    26 ||    58
  Dodge: Dodged            |    33 |    29 |    29 ||    91

Table legend: (Time is in decaauts)
 A = Elapsed time spent in this place.
 B = Non-inter-level travel time spent in this place.
 C = Inter-level travel time spent in this place.
 D = Time resting spent in this place.
 E = Time spent auto-exploring this place.
 F = Levels seen in this place.
 G = Mean time per level.
                   A        B        C        D        E       F      G
               +--------+--------+--------+--------+--------+-----+--------+
         Total |   3535 |   3457 |     78 |    303 |   2475 |   5 |  707.0 |
       Dungeon |   3535 |   3457 |     78 |    303 |   2475 |   5 |  707.0 |
               +--------+--------+--------+--------+--------+-----+--------+

Top non-repeatable levels by time:
     D:2: 933 daAuts
     D:4: 807 daAuts
     D:1: 651 daAuts
     D:5: 615 daAuts
     D:3: 526 daAuts
